 Dungeon Crawl Stone Soup version 0.31.0-32-g396128a36d (webtiles) character file.

Game seed: 5466023974441055299

114476 PaiMei the Lord of Darkness (level 16, -6/125 HPs)
             Began as a Demonspawn Necromancer on Apr 22, 2024.
             Was the Champion of Kikubaaqudgha.
             Mangled by a fire elemental (11 damage)
             ... summoned by a deep elf pyromancer
             ... on level 1 of the Elven Halls.
             The game lasted 01:10:57 (32175 turns).

PaiMei the Lord of Darkness (DsNe)                 Turns: 32175, Time: 01:10:57

Health: -6/125     AC: 20    Str:  9    XL:     16   Next: 16%
Magic:  0/42       EV: 21    Int: 22    God:    Kikubaaqudgha [******]
Gold:   2350       SH:  4    Dex: 24    Spells: 11/41 levels left

rFire   x . .        x - +11 hand axe of Urepioss {drain, ^Contam +Blink rF- Dex+9}
rCold   + . .        (no shield)
rNeg    . . .        N - +0 troll leather armour
rPois   .            R - +1 hat of Spring {Dex+2}
rElec   .            r - +0 cloak
rCorr   +            P - +2 pair of gloves
SInv    .            g - +1 pair of boots
Will    +....        S - amulet of Celigheu {RegenMP rC+}
Stlth   +            T - ring of magical power
HPRegen 1.20/turn    J - +4 ring of protection
MPRegen 0.96/turn

%: guardian spirit
@: on fire, slowed, glowing, very slow
A: hooves 1, yellow scales 3, spiny 2, magic shield, magic regeneration, large
bone plates 1, clumsy 1, evolution 1
a: Renounce Religion, Evoke Blink, Unearth Wretches, Torment, Brand Weapon With
Pain, Receive Forbidden Knowledge


You were on level 1 of the Elven Halls.
You worshipped Kikubaaqudgha.
Kikubaaqudgha was exalted by your worship.
You visited 4 branches of the dungeon, and saw 23 of its levels.
You also visited: Gauntlet.

You collected 2726 gold pieces.
You spent 376 gold pieces at shops.

Inventory:

Hand Weapons
 q - the +8 Vampire's Tooth {megavamp}
   (You found it on level 5 of the Lair of Beasts)
 x - the +11 hand axe of Urepioss (weapon) {drain, ^Contam +Blink rF- Dex+9}
   (You bought it in a shop on level 5 of the Dungeon)

   Dex+9:     It affects your dexterity (+9).
   rF-:       It makes you vulnerable to fire.
   +Blink:    It lets you blink.
   ^Contam:   It causes magical contamination when unequipped.
Missiles
 u - 3 darts of dispersal
 z - 10 curare-tipped darts (quivered)
Armour
 g - a +1 pair of boots (worn)
 r - a +0 cloak (worn)
 N - a +0 troll leather armour (worn)
 P - a +2 pair of gloves (worn)
 R - the +1 hat of Spring (worn) {Dex+2}
   (You found it in a Gauntlet)

   Dex+2:     It affects your dexterity (+2).
Magical Staves
 X - a staff of death
Jewellery
 s - an amulet of magic regeneration
 A - a ring of positive energy
 D - a ring of willpower
 E - a ring of flight
 J - a +4 ring of protection (right hand)
 S - the amulet of Celigheu (around neck) {RegenMP rC+}
   (You found it in a Gauntlet)

   [amulet of magic regeneration]

   RegenMP:   It increases your rate of magic regeneration.
   rC+:       It protects you from cold.
 T - a ring of magical power (left hand)
Wands
 c - a wand of light (11)
 d - a wand of polymorph (15)
 e - a wand of iceblast (4)
 C - a wand of mindburst (7)
 F - a wand of flame (49)
 M - a wand of paralysis (12)
Scrolls
 a - 2 scrolls of poison
 h - 3 scrolls of brand weapon
 i - 6 scrolls of teleportation
 j - 3 scrolls of enchant weapon
 k - 8 scrolls of fog
 l - 6 scrolls of amnesia
 n - 2 scrolls of butterflies
 o - 2 scrolls of immolation
 t - 4 scrolls of fear
 v - 4 scrolls of revelation
 w - 2 scrolls of enchant armour
 y - a scroll of blinking
 B - 2 scrolls of vulnerability
 K - a scroll of silence
 Z - a scroll of torment
Potions
 b - 2 potions of magic
 f - 3 potions of brilliance
 m - 4 potions of haste
 p - 3 potions of lignification
 G - 3 potions of attraction
 H - 5 potions of enlightenment
 I - 4 potions of invisibility
 L - a potion of heal wounds
 O - a potion of berserk rage
 Q - a potion of might {unknown}
 U - 2 potions of ambrosia
 W - 5 potions of curing
 Y - 4 potions of cancellation
Miscellaneous
 V - a lightning rod (4/4)


   Skills:
 - Level 11.3 Fighting
 + Level 8.0 Axes
 + Level 8.0 Armour
 - Level 11.2 Dodging
 - Level 3.0 Stealth
 + Level 13.4 Spellcasting
 + Level 16.1 Necromancy
 + Level 7.2 Earth Magic


You had 11 spell levels left.
You knew the following spells:

 Your Spells              Type           Power      Damage    Failure   Level
a - Necrotise             Necr           100%       1d9       0%          1
b - Vampiric Draining     Necr           72%        2d11      1%          3
c - Animate Dead          Necr           72%        N/A       1%          4
d - Curse of Agony        Necr           72%        N/A       1%          5
e - Dispel Undead         Necr           72%        3d24      1%          4
f - Borgnjor's Vile Clut  Necr/Erth      30%        N/A       1%          5
g - Martyr's Knell        Necr/Summ      50%        N/A       1%          4
h - Anguish               Hex/Necr       25%        N/A       1%          4

Your spell library contained the following spells:

 Spells                   Type           Power      Damage    Failure   Level
 Sublimation of Blood     Necr           72%        N/A       0%          2
 Kiss of Death            Conj/Necr      100%       2d13      1%          1
 Fugue of the Fallen      Necr           72%        N/A       1%          3
 Foxfire                  Conj/Fire      56%        2x1d6     5%          1
 Shock                    Conj/Air       56%        1d6       5%          1
 Summon Small Mammal      Summ           56%        N/A       5%          1
 Lesser Beckoning         Tloc           28%        N/A       9%          2
 Momentum Strike          Conj/Tloc      28%        3d8       9%          2
 Static Discharge         Conj/Air       28%        3-5/arc   9%          2
 Call Canine Familiar     Summ           14%        N/A       17%         3
 Confusing Touch          Hex            14%        N/A       17%         3
 Dazzling Flash           Conj/Hex       28%        N/A       17%         3
 Gell's Gravitas          Tloc           14%        N/A       17%         3
 Inner Flame              Hex/Fire       14%        N/A       17%         3
 Mephitic Cloud           Conj/Alch/Air  14%        N/A       17%         3
 Teleport Other           Tloc           14%        N/A       17%         3
 Tukima's Dance           Hex            14%        N/A       17%         3
 Volatile Blastmotes      Fire/Tloc      28%        2d12      17%         3
 Infestation              Necr           36%        N/A       43%         8
 Airstrike                Air            7%         2d(1-17)  50%         4
 Cause Fear               Hex            7%         N/A       50%         4
 Dimensional Bullseye     Hex/Tloc       7%         N/A       50%         4
 Flame Wave               Conj/Fire      14%        2d6       50%         4
 Fulminant Prism          Conj/Alch      7%         3d6       50%         4
 Iskenderun's Mystic Bla  Conj/Tloc      14%        2d5       50%         4
 Passage of Golubria      Tloc           14%        N/A       50%         4
 Sticky Flame             Fire/Alch      14%        2d5       50%         4
 Summon Blazeheart Golem  Fire/Summ      14%        N/A       50%         4
 Summon Lightning Spire   Summ/Air       14%        N/A       50%         4
 Vhi's Electric Charge    Tloc/Air       28%        N/A       50%         4
 Arcjolt                  Conj/Air       7%         1d17      83%         5
 Fireball                 Conj/Fire      7%         3d5       83%         5
 Iskenderun's Battlesphe  Conj           14%        2d7       83%         5
 Silence                  Hex/Air        7%         N/A       83%         5
 Haunt                    Necr/Summ      25%        N/A       86%         7
 Bombard                  Conj/Erth      15%        9d3       89%         6
 Eringya's Noxious Bog    Alch           7%         4d6       100%        6
 Plasma Beam              Fire/Air       7%         2x1d17    100%        6
 Enfeeble                 Hex            7%         N/A       100%        7
 Spellforged Servitor     Conj/Summ      7%         N/A       100%        7
 Lehudib's Crystal Spear  Conj/Erth      15%        10d5      100%        8
 Maxwell's Capacitive Co  Air            7%         ∞         100%        8
 Fire Storm               Conj/Fire      7%         8d2       100%        9


Dungeon Overview and Level Annotations

Branches:
Dungeon (15/15)            Temple (0/1) D:7            Lair (5/5) D:8
  Swamp (0/4) Lair:3        Snake (0/4) Lair:3        Slime (0/5) Lair:4
    Orc (2/2) D:11            Elf (1/3) Orc:2        Vaults (0/5) D:13
 Depths (0/4) D:15        Gauntlet (visited)

Altars:
Ashenzari
Gozag
Kikubaaqudgha
Makhleb
Nemelex Xobeh
Okawaru
Qazlal
Sif Muna
Trog
Wu Jian
Yredelemnul

Shops:
D:5 ((   Orc:2 *(:(

Portals:
Bazaar: Elf:1
Trove: D:13 (give +2 gold dragon scales)

Annotations:
D:4 Robin
D:7 2 transporters, mkat's ghost, novice DgCj
D:9 Erolcha
D:11 2 transporters, 0gre's ghost, journeyman GnIE
D:15 2 transporters, Zimucs's ghost, journeyman DrSh
Lair:4 exclusion: oklob plant


Innate Abilities, Weirdness & Mutations

You have large cloven feet.
You are completely covered in yellow scales. (AC +4, rCorr)
You are mostly covered in sharp spines.
When hurt, damage is shared between your health and your magic reserves.
You regenerate magic rapidly.
You are partially covered in large bone plates. (SH +4)
You are clumsy. (Dex -2)
You have hidden genetic potential.


Message History

Confirm with . or Enter, or press ? or * to list all spells.
Aiming: Borgnjor's Vile Clutch (mildly dangerous; 1% risk of failure)
Press: ? - help, Shift-Dir - straight line, f/p - deep elf pyromancer
Aim: a deep elf pyromancer, wielding a +0 dagger (severely wounded, 100% to hit)
Zombie hands grab the deep elf pyromancer.
The liquid fire burns you!
The zombie hands constrict the deep elf pyromancer.
The fire elemental is struck by your spines.
The fire elemental misses you.
The deep elf pyromancer casts a spell at you.
The bolt of fire hits you!! The fire burns you terribly!
* * * LOW HITPOINT WARNING * * *
The bolt of fire hits the fire elemental.
The fire elemental completely resists.
The deep elf pyromancer hits you with a +0 long sword.
* * * LOW HITPOINT WARNING * * *
The fire elemental is struck by your spines.
The fire elemental barely misses you.
As you read the scroll of fear, it crumbles to dust.
You assume a fearsome visage.
The fire elemental is unaffected. x3
The deep elf pyromancer looks frightened!
The deep elf pyromancer resists with almost no effort.
The deep elf pyromancer looks frightened! x2
The deep elf pyromancer resists with some effort.
The deep elf pyromancer resists with almost no effort.
The liquid fire burns you!
* * * LOW HITPOINT WARNING * * *
The zombie hands constrict the deep elf pyromancer!
You kill the deep elf pyromancer!
Kikubaaqudgha accepts your kill.
The fire elemental disappears in a puff of smoke!
The deep elf pyromancer mumbles some strange words.
The deep elf pyromancer blinks!
The deep elf pyromancer gestures wildly while chanting.
The deep elf pyromancer blinks!
The deep elf pyromancer casts a spell.
The deep elf pyromancer blinks!
The fire elemental hits you. The fire elemental burns you!
The fire burns you terribly!
You die...
Kikubaaqudgha rasps: "You have failed me!
Welcome... death!"

* #...........##., *
#...........#*,, *
#...........#*,, * ****
##.....#....#**,
***,,** ##.○......## *,
**,,,,** #○°.§....#***,
*,,^,,,*
#####Ee......'.,*,
+,,,,,,*
#EeeEe.......##,,,
*,,,,,**
#@###☼.......#*,,,
*,,,,** #)#
#........#*,** *>,,**
#.# #........#*,* ,,***
#.# ##§.§#####*,* ,,*
*****#.#**#eee.#****,**
,,*
#........##§e§..+,,,,,*
,,*
#.###.....+.....#,**,,,
,,*** *,*
####+##,,,,,*,***+*
^,,,** *,*
**,,,,,,,***,**,,,


You could see a deep elf archer (repels missiles), 3 deep elf pyromancers and 3
fire elementals.

Vanquished Creatures
  Saint Roka (Orc:2)
  Rupert (Orc:2)
  Kirke (Elf:1)
  A fire giant (D:13)
  Louise (D:15)
  Nessos (Lair:4)
  A deep elf death mage (Elf:1)
  2 fire dragons (D:15)
  A rakshasa (D:14)
  A yaktaur captain (D:13)
  An ice dragon (D:15)
  2 hydras
  2 ogre magi
  3 boulder beetles
  5 centaur warriors
  15 two-headed ogres
  A dancing weapon (Elf:1)
  8 death yaks
  6 deep elf knights
  A skyshark (Lair:3)
  A fire crab (Lair:5)
  A sixfirhy (Gauntlet)
  2 large abominations (Gauntlet)
  An arcanist (D:15)
  A deep troll (Orc:1)
  3 deep elf archers (Elf:1)
  7 deep elf pyromancers
  An orc knight (Orc:1)
  5 deep elf zephyrmancers (Elf:1)
  2 harpies (Lair:5)
  An orc sorcerer (Orc:1)
  4 ugly things
  5 cyclopes
  7 elephants
  5 black mambas
  A torpor snail (Lair:1)
  6 cane toads
  3 yaktaurs
  5 rime drakes
  2 efreet (D:13)
  2 kobold demonologists
  A freezing wraith (D:14)
  10 komodo dragons
  16 trolls
  A tyrant leech (Lair:3)
  2 polar bears
  A hornet (D:8)
  9 blink frogs
  A raiju (Gauntlet)
  A snapping turtle (Lair:5)
  3 vampires
  A centaur simulacrum (D:15)
  16 slime creatures
  3 wyverns
  A shadow (D:10)
  4 wraiths
  51 yaks
  A hog (Elf:1)
  Grum (D:8)
  3 basilisks
  6 steam dragons
  Eustachio (D:5)
  2 acid dragons
  3 nagas (Lair:3)
  15 vampire mosquitoes
  6 small abominations (Gauntlet)
  15 water moccasins
  3 hell hounds (D:12)
  A sky beast (D:7)
  An ice beast (D:6)
  5 laughing skulls
  14 orc warriors
  15 wolves
  25 ogres
  17 centaurs
  A phantom (D:5)
  3 kobold brigands
  Blork the orc (D:6)
  12 bullfrogs
  2 gnoll sergeants
  A hornet simulacrum (D:15)
  13 wights
  10 killer bees
  4 electric eels
  2 howler monkeys (D:9)
  2 bombardier beetles
  2 hounds
  3 jellies
  11 orc priests
  Crazy Yiuf (D:2)
  2 iguanas
  A sleepcap (D:4)
  Terence (D:2)
  15 orc wizards
  11 hell rats (Lair:3)
  8 adders
  6 gnolls
  10 river rats (Lair:3)
  3 white imps (D:6)
  4 ufetubi
  2 dart slugs
  4 ribbon worms
  75 orcs
  12 endoplasms
  4 giant cockroaches
  14 goblins
  13 hobgoblins
  5 jackals
  14 kobolds
  9 quokkas
  6 ball pythons
  5 bats
  3 frilled lizards
  16 rats
686 creatures vanquished.

Vanquished Creatures (collateral kills)
  Josephine (Orc:1)
  3 hydras (Lair:5)
  A merfolk avatar (Lair:5)
  3 centaur warriors
  Urug (D:13)
  2 skysharks
  A deep troll (Orc:1)
  A sea snake (Lair:5)
  An ugly thing (D:11)
  A manticore (D:14)
  A cyclops (D:13)
  9 elephants
  A black mamba (Lair:5)
  3 cane toads
  5 komodo dragons
  3 rime drakes (Lair:5)
  A troll (Orc:1)
  A polar bear (Lair:3)
  A hornet (Lair:3)
  4 blink frogs
  A slime creature (D:14)
  2 wyverns (Lair:5)
  6 yaks
  A steam dragon (Lair:5)
  A vampire mosquito (D:13)
  A water moccasin (Lair:4)
  A black bear (Lair:2)
  5 wolves (Lair:2)
  3 ogres
  3 bullfrogs
  A hell rat (Lair:3)
  A river rat (Lair:3)
70 creatures vanquished.

Vanquished Creatures (others)
  2 centaur zombies (D:13)
  2 hydra zombies
  3 humans (Elf:1)
  2 slime creature zombies (D:14)
  A tyrant leech zombie (Lair:3)
  3 two-headed ogre zombies (D:13)
  A cane toad zombie (Lair:2)
  3 elephant zombies (Lair:5)
  An orc warrior (D:8)
  A blink frog zombie (Lair:4)
  A rime drake zombie (Lair:5)
  A komodo dragon zombie (Lair:3)
  3 yaktaur zombies (D:13)
  6 yak zombies
  5 wolf zombies
  A black bear zombie (Lair:2)
  A bullfrog zombie (Lair:1)
  A basilisk zombie (Lair:1)
  An orc (D:8)
39 creatures vanquished.

Grand Total: 795 creatures vanquished

Notes
Turn   | Place    | Note
-------+----------+-------------------------------------------
     0 | D:1      | PaiMei the Demonspawn Necromancer began the quest for the
                  | Orb.
     0 | D:1      | Reached XP level 1. HP: 13/13 MP: 3/3
   269 | D:1      | Gained mutation: You regenerate magic rapidly. [demonic
                  | ancestry]
   269 | D:1      | Reached XP level 2. HP: 19/19 MP: 3/5
   716 | D:1      | Gained mutation: You are partially covered in sharp spines.
                  | [demonic ancestry]
   716 | D:1      | Reached XP level 3. HP: 24/24 MP: 3/6
  1441 | D:2      | Found a runed translucent door.
  1442 | D:2      | Noticed Crazy Yiuf
  1523 | D:2      | Gained mutation: You are mostly covered in sharp spines.
                  | [demonic ancestry]
  1523 | D:2      | Reached XP level 4. HP: 24/30 MP: 4/7
  1730 | D:2      | Noticed Terence
  1738 | D:2      | Killed Terence
  1739 | D:2      | Reached skill level 5 in Necromancy
  1907 | D:2      | Killed Crazy Yiuf
  1942 | D:3      | Reached XP level 5. HP: 25/35 MP: 3/9
  2409 | D:3      | Found a basalt altar of Yredelemnul.
  2411 | D:3      | Found an opulent altar of Gozag.
  2427 | D:3      | Found an ancient bone altar of Kikubaaqudgha.
  2451 | D:3      | Became a worshipper of Kikubaaqudgha
  3444 | D:4      | Noticed an orc warrior
  3471 | D:5      | Entered Level 5 of the Dungeon
  3474 | D:5      | Noticed Eustachio
  3478 | D:5      | Reached skill level 1 in Fighting
  3794 | D:5      | Killed Eustachio
  3795 | D:5      | Reached XP level 6. HP: 38/43 MP: 5/11
  3804 | D:5      | Noticed a water moccasin
  3811 | D:4      | Learned a level 3 spell: Vampiric Draining
  4129 | D:4      | Noticed Robin
  4869 | D:5      | Gained mutation: When hurt, damage is shared between your
                  | health and your magic reserves. [demonic ancestry]
  4869 | D:5      | Reached XP level 7. HP: 51/51 MP: 9/12
  4915 | D:5      | Found a broken altar of Ashenzari.
  4926 | D:5      | Reached skill level 6 in Necromancy
  4950 | D:5      | Found Galur's Antique Weapon Shoppe.
  4973 | D:5      | Reached * piety under Kikubaaqudgha
  4973 | D:5      | Received a gift from Kikubaaqudgha
  5151 | D:5      | Found Fics's Antique Weapon Emporium.
  5490 | D:5      | Gained mutation: You are partially covered in yellow
                  | scales. (AC +2) [demonic ancestry]
  5490 | D:5      | Reached XP level 8. HP: 53/58 MP: 12/15
  5742 | D:5      | Bought a scorched hand axe for 216 gold pieces
  5742 | D:5      | Identified the +11 hand axe of Urepioss {drain, ^Contam
                  | +Blink rF- Dex+9} (You bought it in a shop on level 5 of
                  | the Dungeon)
  5952 | D:6      | Reached skill level 5 in Spellcasting
  5952 | D:6      | Reached skill level 7 in Necromancy
  5957 | D:6      | Noticed Blork the orc
  5968 | D:6      | Reached skill level 5 in Dodging
  5976 | D:6      | Killed Blork the orc
  6170 | D:6      | Reached skill level 5 in Fighting
  6371 | D:6      | Reached XP level 9. HP: 68/68 MP: 15/17
  6645 | D:7      | Found a staircase to the Ecumenical Temple.
  6672 | D:7      | Reached ** piety under Kikubaaqudgha
  6946 | D:7      | Noticed a two-headed ogre
  6953 | D:7      | Killed a two-headed ogre
  6954 | D:7      | Reached skill level 8 in Necromancy
  7123 | D:7      | Found a bloodstained altar of Trog.
  7133 | D:7      | Found a transporter.
  7144 | D:7      | Noticed a moth of wrath
  7160 | D:7      | Noticed mkat's ghost (novice DgCj)
  7174 | D:7      | Found a transporter.
  7281 | D:7      | Found an ornate altar of the Wu Jian Council.
  7441 | D:7      | Found an iron altar of Okawaru.
  7470 | D:7      | Found a shimmering blue altar of Sif Muna.
  7668 | D:8      | Learned a level 4 spell: Animate Dead
  7674 | D:8      | Learned a level 5 spell: Curse of Agony
  7685 | D:8      | Found a staircase to the Lair.
  7774 | D:8      | Reached skill level 9 in Necromancy
  7858 | D:8      | Gained mutation: You have large cloven feet. [demonic
                  | ancestry]
  7858 | D:8      | Reached XP level 10. HP: 70/77 MP: 14/20
  8012 | D:8      | Noticed Grum
  8025 | D:8      | Killed Grum
  8552 | D:9      | Reached *** piety under Kikubaaqudgha
  8552 | D:9      | Received a gift from Kikubaaqudgha
  8769 | D:9      | Learned a level 5 spell: Borgnjor's Vile Clutch
  8792 | D:9      | Noticed a two-headed ogre
  9132 | D:9      | Killed a two-headed ogre
  9133 | D:9      | Reached skill level 10 in Necromancy
  9275 | D:9      | Found a sparkling altar of Nemelex Xobeh.
  9386 | D:9      | Noticed Erolcha
  9532 | D:9      | Got the Essays on the Lungs and Lava
  9753 | D:10     | Entered Level 10 of the Dungeon
  9781 | D:10     | Reached XP level 11. HP: 82/86 MP: 23/23
  9790 | D:10     | Learned a level 4 spell: Anguish
  9829 | D:10     | Reached **** piety under Kikubaaqudgha
 10038 | D:10     | Noticed a sun demon
 11276 | D:10     | Noticed a boulder beetle
 11314 | D:10     | Killed a boulder beetle
 11315 | D:10     | Reached skill level 11 in Necromancy
 12288 | D:11     | Found a staircase to the Orcish Mines.
 12354 | D:11     | Reached ***** piety under Kikubaaqudgha
 12875 | Lair:1   | Entered Level 1 of the Lair of Beasts
 13551 | Lair:1   | Gained mutation: You are mostly covered in yellow scales.
                  | (AC +3) [demonic ancestry]
 13551 | Lair:1   | Reached XP level 12. HP: 89/96 MP: 25/25
 14066 | Lair:2   | Got Wajano's Codex of Good Intentions
 14112 | Lair:2   | Found a gate leading to a gauntlet.
 14121 | Lair:2   | Reached skill level 12 in Necromancy
 14207 | Lair:2   | Reached skill level 10 in Fighting
 14252 | Lair:2   | Reached skill level 10 in Spellcasting
 14289 | Gauntlet | Entered a Gauntlet
 14289 | Gauntlet | Found a transporter.
 14299 | Gauntlet | Found a transporter.
 14314 | Gauntlet | Found a transporter.
 14316 | Gauntlet | Noticed a blizzard demon
 14319 | Gauntlet | Found a transporter.
 14334 | Gauntlet | Found a transporter.
 14353 | Gauntlet | Found a transporter.
 14363 | Gauntlet | Noticed an entropy weaver
 14365 | Gauntlet | Found a transporter.
 14377 | Gauntlet | Found a transporter.
 14377 | Gauntlet | Noticed a reaper
 14392 | Gauntlet | Found a transporter.
 14401 | Gauntlet | Found a transporter.
 14404 | Gauntlet | Noticed a reaper
 14418 | Gauntlet | Found a transporter.
 14436 | Gauntlet | Found a transporter.
 14438 | Gauntlet | Found a transporter.
 14463 | Gauntlet | Found a transporter.
 14465 | Gauntlet | Found a transporter.
 14565 | Gauntlet | Found a transporter.
 14585 | Gauntlet | Found a transporter.
 14781 | Gauntlet | Found a transporter.
 14802 | Gauntlet | Reached skill level 10 in Dodging
 15102 | Gauntlet | Identified the +1 hat of Spring {Dex+2}
 15245 | Gauntlet | Identified the +3 ring mail "Innoklue" {-Tele Rampage
                  | Regen+ Int-4}
 15245 | Gauntlet | Noticed a minotaur
 15258 | Gauntlet | Identified the amulet of Celigheu {RegenMP rC+}
 15914 | Lair:2   | Learned a level 4 spell: Martyr's Knell
 16199 | Lair:3   | Noticed a death yak
 16302 | Lair:3   | Noticed a death yak
 16303 | Lair:3   | Noticed a death yak
 16309 | Lair:3   | Noticed a death yak
 16487 | Lair:3   | Reached ****** piety under Kikubaaqudgha
 16620 | Lair:3   | Found a staircase to the Snake Pit.
 16663 | Lair:3   | Reached skill level 13 in Necromancy
 16694 | Lair:3   | Reached XP level 13. HP: 100/105 MP: 25/27
 16740 | Lair:3   | Found a staircase to the Swamp.
 18185 | Lair:3   | Reached skill level 1 in Axes
 18192 | Lair:3   | Reached skill level 1 in Armour
 18243 | Lair:4   | Found a staircase to the Slime Pits.
 18316 | Lair:4   | Noticed Nessos
 18698 | Lair:4   | Killed Nessos
 20180 | Lair:5   | Entered Level 5 of the Lair of Beasts
 20234 | Lair:5   | Reached skill level 1 in Earth Magic
 20235 | Lair:5   | Reached skill level 14 in Necromancy
 20265 | Lair:5   | Gained mutation: You are completely covered in yellow
                  | scales. (AC +4, rCorr) [demonic ancestry]
 20265 | Lair:5   | Reached XP level 14. HP: 113/113 MP: 12/29
 20477 | Lair:5   | Found the +8 Vampire's Tooth {megavamp}
 21916 | D:9      | Reached skill level 5 in Armour
 21921 | D:9      | Found a burning altar of Makhleb.
 22338 | D:11     | Learned a level 4 spell: Dispel Undead
 22489 | D:11     | Reached skill level 5 in Axes
 22935 | D:11     | Noticed 0gre's ghost (journeyman GnIE)
 23091 | D:11     | Found a transporter.
 23111 | D:11     | Found a transporter.
 23738 | D:12     | Found a frozen archway.
 24205 | D:13     | Found a gate to the Vaults.
 24295 | D:13     | Noticed a fire giant
 24728 | D:13     | Identified the +1 war axe "Cuty" {freeze, Str+6}
 24783 | D:13     | Reached skill level 15 in Necromancy
 25451 | D:13     | Noticed Urug
 25457 | D:13     | Killed Urug
 25521 | D:13     | Reached XP level 15. HP: 117/119 MP: 31/31
 25727 | D:14     | Reached skill level 5 in Earth Magic
 26954 | D:13     | Found a portal to a secret trove of treasure.
 27154 | D:15     | Entered Level 15 of the Dungeon
 27258 | D:15     | Found a stormy altar of Qazlal.
 27867 | D:15     | Found a transporter.
 27901 | D:15     | Noticed Zimucs's ghost (journeyman DrSh)
 27907 | D:15     | Found a transporter.
 27958 | D:15     | Noticed Louise
 27987 | D:15     | Killed Louise
 28035 | D:15     | Found a bloodstained altar of Trog.
 28229 | D:15     | Gained mutation: You have hidden genetic potential. [potion
                  | of mutation]
 28229 | D:15     | Gained mutation: You are clumsy. (Dex -2) [potion of
                  | mutation]
 28229 | D:15     | Gained mutation: You are partially covered in large bone
                  | plates. (SH +4) [potion of mutation]
 28410 | D:15     | Identified the +1 robe of Contentment {rN+}
 28411 | D:15     | Found a staircase to the Depths.
 28635 | D:13     | Killed a fire giant
 28723 | Orc:1    | Entered Level 1 of the Orcish Mines
 28770 | Orc:2    | Entered Level 2 of the Orcish Mines
 29350 | Orc:1    | Noticed Josephine
 29357 | Orc:1    | Killed Josephine
 29696 | Orc:2    | Found Qaawug's Weapon Shoppe.
 30155 | Orc:1    | Paralysed by something for 5 turns
 30448 | Orc:2    | Found Ruskadun's Antique Weapon Emporium.
 30452 | Orc:2    | Found Nynnidgho's General Store.
 30455 | Orc:2    | Found Ubroday's Book Shop.
 30662 | Orc:2    | Noticed Rupert
 30678 | Orc:2    | Killed Rupert
 30723 | Orc:2    | Found a staircase to the Elven Halls.
 30741 | Orc:2    | Noticed Saint Roka
 30991 | Orc:2    | Killed Saint Roka
 31101 | Orc:2    | Bought a scroll of fear for 64 gold pieces
 31101 | Orc:2    | Bought a scroll of identify for 32 gold pieces
 31101 | Orc:2    | Bought a scroll of identify for 32 gold pieces
 31101 | Orc:2    | Bought a scroll of identify for 32 gold pieces
 31461 | Elf:1    | Entered Level 1 of the Elven Halls
 31477 | Elf:1    | Reached skill level 16 in Necromancy
 31631 | Elf:1    | Reached XP level 16. HP: 122/125 MP: 32/33
 32101 | Elf:1    | Found a flickering gateway to a bazaar.
 32126 | Elf:1    | Noticed Kirke
 32138 | Elf:1    | Killed Kirke
 32150 | Elf:1    | Killed the ghostly Kirke
 32175 | Elf:1    | HP: 3/125 [burnt (21)]
 32175 | Elf:1    | Mangled by a fire elemental

Illustrated notes

Levels and vault maps discovered:
D:1:      spicycebolla_arrival_xxxplode, layout_loops_ring, minmay_hedge_maze,
          bh_walls_and_bars
D:2:      layout_basic, basic_altar, uniq_terence, uniq_crazy_yiuf_cottage
D:3:      layout_loops_ring, nicolae_overflow_macrodata_refinement,
          serial_bayou_ford_a
D:4:      kennysheep_goblin_castle, layout_loops_ring,
          kennysheep_generic_room_13
D:5:      layout_basic, nicolae_ashenzari_skybound, serial_shops,
          nicolae_shop_statue_plus, shop, amcnicky_mini_pool_small,
          grunt_decor_fettered, st_stairs_2, mrwooster_statue_mirror,
          nicolae_tricolors, uniq_eustachio
D:6:      layout_basic, uniq_blork_the_orc
D:7:      layout_basic, nicolae_overflow_hidden_temple, led_sif_pool,
          kennysheep_little_box, nicolae_wu_jian_glorious_leap,
          minmay_temple_entry_sparse_star, gammafunk_ghost_berserking_beasts
D:8:      layout_basic, lair_entry_dummy, uniq_grum
D:9:      layout_roguey, tgw_fedhas, mainiacjoe_overflow_alcove_4,
          mainiacjoe_overflow_six_doors_small, uniq_erolcha
D:10:     layout_loops_ring, kennysheep_opposing_triangles
D:11:     layout_loops_ring, david_orc_2, gammafunk_ghost_hive, special_room
          [special_room_orc], evilmike_butchery
D:12:     layout_irregular_city, portal_ice_cave_entry_pillars_1,
          minmay_rotating_lava
D:13:     cheibrodos_monumental, layout_cave_pods, david_vaults_2,
          enter_trove_2, uniq_urug
D:14:     layout_cave_pods, serial_bayou_pond_b
D:15:     grunt_enter_depths_hoard, layout_basic,
          gammafunk_ghost_wrathful_warriors, grunt_qazlal_clouds, minivault_22,
          billiards_dpeg, uniq_louise
Lair:1:   layout_loops_ring, st_stairs_13, grunt_megastairs_4
Lair:2:   layout_regular_city, gauntlet_entry_generic, guppyfry_lair_drakes
Lair:3:   lemuel_ratsnest, layout_regular_city, minmay_swamp_entry_worms,
          minmay_snake_entry_guardpost_medium, grunt_forest_small_clearing_treed
Lair:4:   layout_big_grid, slime_entry_1, infiniplex_staircase_pool_2,
          grunt_megastairs_3, uniq_nessos
Lair:5:   gammafunk_lair_ancient_temple, layout_big_grid, serial_bayou_lagoon_a,
          nzn_sisyphean_effort, lemuel_fruit_tree, infiniplex_staircase_pool
Orc:1:    layout_diamond_mine, uniq_josephine
Orc:2:    st_orc_open, layout_caves, uniq_saint_roka, uniq_rupert
Elf:1:    eino_elf_arrival_shootout, layout_gridlike, serial_shops,
          bzr_in_the_mist, minmay_elf_crystal_heptagon,
          serial_sigils_hangedman_shear, solitary_fountain, uniq_kirke

Skill      XL: |  1  2  3  4  5  6  7  8  9 10 11 12 13 14 15 16 |
---------------+-------------------------------------------------+-----
Dodging        | 2 3 4 5 6 8 9 10 11 | 11.2
Stealth        | 2 3 |  3.0
Necromancy     | 5 6 7 9 10 11 13 14 15 16 | 16.1
Spellcasting   | 3 4 5 6 8 9 10 11 12 13 | 13.4
Fighting       | 1 2 3 5 6 8 9 10 11 | 11.3
Axes           | 3 5 7 8 |  8.0
Armour         | 3 5 7 8 |  8.0
Earth Magic    | 1 4 6 7 |  7.2

Action                     |  1- 3 |  4- 6 |  7- 9 | 10-12 | 13-15 | 16-18 || total
---------------------------+-------+-------+-------+-------+-------+-------++-------
  Melee: Unarmed           |    13 |       |       |       |       |     2 ||    15
         Hand axe          |     5 |     6 |    66 |   353 |   548 |    18 ||   996
         Punch             |       |       |     2 |     6 |    12 |       ||    20
         Kick              |       |       |       |   144 |   106 |       ||   250
   Cast: Necrotise         |    79 |   144 |    58 |    48 |    48 |       ||   377
         Vampiric Draining |       |     5 |    44 |   114 |   168 |       ||   331
         Animate Dead      |       |       |       |     7 |    11 |       ||    18
         Curse of Agony    |       |       |       |     4 |    41 |     1 ||    46
         Borgnjor's Vile C |       |       |       |       |    81 |    26 ||   107
         Dispel Undead     |       |       |       |       |    24 |     3 ||    27
  Evoke: Wand              |       |       |       |       |     4 |     2 ||     6
    Use: Scroll            |       |       |       |    15 |     9 |     2 ||    26
         Potion            |       |       |       |     1 |     7 |       ||     8
   Stab: Sleeping          |       |       |     1 |     1 |     2 |       ||     4
         Distracted        |       |       |       |       |     5 |       ||     5
         Paralysed         |       |       |       |       |     1 |       ||     1
 Armour: Robe              |    18 |    22 |    64 |   197 |       |       ||   301
         Troll leather arm |       |       |       |    90 |   679 |    68 ||   837
         Skin              |       |       |       |       |    10 |     4 ||    14
  Dodge: Dodged            |    27 |    22 |    85 |   526 |  1067 |    61 ||  1788
  Block: Other             |       |       |       |       |    43 |     8 ||    51
